 Dungeon Crawl Stone Soup version 0.22-a0-398-g8bb545f (webtiles) character file.

24 mhoghedin the Bolt Thrower (level 3, 0/29 HPs)
             Began as a Formicid Hunter on May 5, 2018.
             Was a Follower of Kikubaaqudgha.
             Succumbed to a scorpion's poison
             ... on level 1 of the Dungeon.
             The game lasted 00:02:10 (817 turns).

mhoghedin the Bolt Thrower (Formicid Hunter)         Turns: 817, Time: 00:02:10

Health: 0/29       AC:  3    Str: 17    XL:     3   Next: 15%
Magic:  11/11      EV: 19    Int: 10    God:    Kikubaaqudgha [*.....]
Gold:   81         SH:  0    Dex: 16    Spells: 2/2 levels left

rFire    . . .     SeeInvis +   a - +1 hand crossbow
rCold    . . .     Gourm    .   (no shield)
rNeg     . . .     Faith    .   c - +0 leather armour
rPois    .         Spirit   .   (helmet unavailable)
rElec    .         Reflect  .   (no cloak)
rCorr    .         Harm     .   (no gloves)
MR       .....                  (no boots)
Stlth    +++.......             (no amulet)
HPRegen  0.09/turn              i - ring of magical power {MP+9}
MPRegen  0.12/turn              (no ring)

@: agile, lethally poisoned (0 -> -14)
A: permanent stasis, dig shafts and tunnels, four strong arms, antennae 3,
repulsion field 1, low mp 1, evolution 1
a: Dig, Shaft Self, Receive Corpses, Renounce Religion


You were on level 1 of the Dungeon.
You worshipped Kikubaaqudgha.
Kikubaaqudgha was aware of your devotion.
You were not hungry.

You visited 1 branch of the dungeon, and saw 2 of its levels.

You collected 81 gold pieces.

Inventory:

Hand Weapons
 a - a +1 hand crossbow (weapon)
 b - a +0 short sword
 k - a +0 mace of venom
   (You found it on level 1 of the Dungeon)
Missiles
 d - 43 bolts (quivered)
Armour
 c - a +0 leather armour (worn)
 l - a +0 cloak
   (You found it on level 2 of the Dungeon)
Jewellery
 i - a ring of magical power (left hand) {MP+9}
   (You found it on level 1 of the Dungeon)
Scrolls
 h - a scroll of identify {unknown}
 j - a scroll of enchant weapon {unknown}
 o - a scroll of remove curse {unknown}
Potions
 e - a potion of heal wounds {unknown}
 g - a potion of mutation {!q}
Comestibles
 f - a ration


   Skills:
 + Level 3.1 Fighting
 + Level 4.2 Crossbows
 - Level 1.2 Armour
 - Level 1.7 Dodging
 - Level 1.2 Stealth


You had 2 spell levels left.
You didn't know any spells.

Dungeon Overview and Level Annotations

Branches:
Dungeon (2/15)

Altars:
Kikubaaqudgha


Innate Abilities, Weirdness & Mutations

You cannot be hasted, slowed, berserked, paralysed or teleported.
You can dig through walls and to a lower floor.
Your four strong arms can wield two-handed weapons with a shield.
You have a pair of large antennae on your head. (SInv)
You are surrounded by a mild repulsion field. (EV +2)
Your magical capacity is low. (-10% MP)
You evolve.


Message History

No target in view!
d - 46 bolts (gained 1)
d - 47 bolts (gained 1)
d - 48 bolts (gained 1)
The rat is too close now for your liking.
You see here a bolt.
A rat is nearby!
A rat is nearby!
Firing (i - inventory)
d - 48 bolts (quivered)
Aim: a rat (resting)
You shoot a bolt. The bolt hits the rat!
You kill the rat!
Kikubaaqudgha accepts your kill.
No target in view!
d - 48 bolts (gained 1)
A scorpion comes into view.
You see here a bolt.
A scorpion is nearby!
A scorpion is nearby!
Firing (i - inventory)
d - 48 bolts (quivered)
Aim: a scorpion (resting)
You shoot a bolt. The bolt hits the scorpion.
Firing (i - inventory)
d - 47 bolts (quivered)
Aim: a scorpion (moderately wounded)
You shoot a bolt.
The bolt hits the scorpion but does no damage.
The scorpion stings you.
You are poisoned.
The scorpion poisons you! The scorpion closely misses you.
You take 5 damage, and have 24/29 hp.
You aren't carrying any items that you can evoke.
Okay, then.
Unknown command.
Unknown command.
You feel sick.
You take 1 damage, and have 23/29 hp.
Firing (i - inventory)
d - 46 bolts (quivered)
Aim: a scorpion (moderately wounded)
You shoot a bolt. The bolt barely misses the scorpion.
You feel sick. The scorpion stings you.
You take 4 damage, and have 19/29 hp.
Firing (i - inventory)
d - 45 bolts (quivered)
Aim: a scorpion (moderately wounded)
You shoot a bolt.
The bolt hits the scorpion but does no damage.
You feel sick.
The scorpion stings you but does no damage.
You take 1 damage, and have 18/29 hp.
Firing (i - inventory)
d - 44 bolts (quivered)
Aim: a scorpion (moderately wounded)
You shoot a bolt. The bolt barely misses the scorpion.
You feel sick. The scorpion closely misses you. x2
You take 1 damage, and have 17/29 hp.
It was a potion of mutation.
You feel extremely strange.
You feel nature experimenting on you.
Don't worry, failures die fast.
You feel less energetic.
You begin to radiate repulsive energy.
The scorpion stings you.
You take 6 damage, and have 11/29 hp.
MASSIVE DAMAGE!!
You now have 11/11 mp.
Unknown command.
Okay, then.
Unknown command.
Unknown command.
You feel sick.
You take 1 damage, and have 10/29 hp.
You feel sick.
You take 1 damage, and have 9/29 hp.
You feel sick.
You take 1 damage, and have 9/29 hp.
You feel sick.
You take 1 damage, and have 8/29 hp.
You feel sick.
You take 1 damage, and have 7/29 hp.
The scorpion misses you.
There is a stone staircase leading up here.
The scorpion stings you.
* * * LOW HITPOINT WARNING * * *
You climb upwards.
* * * LOW HITPOINT WARNING * * *
You feel sick.
There is a stone staircase leading down here.
You take 6 damage, and have 2/29 hp.
MASSIVE DAMAGE!!
Okay, then.
Unknown command.
Unknown command.
Okay, then.
Unknown command.
Unknown command.
It was a potion of magic.
Magic courses through your body. The scorpion stings you.
* * * LOW HITPOINT WARNING * * *
You are more poisoned.
The scorpion poisons you!
You take 1 damage, and have 1/29 hp.
It was a potion of agility.
You feel agile all of a sudden.
You die...
Kikubaaqudgha rasps: "You have failed me!
Welcome... death!"

............##.......## #.....#
............#####.##..# ###.#.#
............# #.##..#######.#(.
............# #.##....(...#.#.#
............# #.##..#####.#...#
............# #.###...........#
............#####.# #............
##.###............# #............
#.# ##.........@.# #####.###.##.
##.## ##.......>s.### ##.###.###
....## #............## #......# #
.....###.............###.###..###
......##..............##.# ##....
.........#............##.# #.##.
......................##.####.##.
......#.##........#'#.##......##)
........##........#.#.##......##.


You could see a scorpion.

Vanquished Creatures
  A worm (D:2)
  2 leopard geckos
  A bat (D:1)
  3 goblins (D:1)
  2 hobgoblins (D:2)
  5 kobolds
  A frilled lizard (D:1)
  4 rats
19 creatures vanquished.

Notes
Turn   | Place    | Note
-------+----------+-------------------------------------------
     0 | D:1      | mhoghedin the Formicid Hunter began the quest for the Orb.
     0 | D:1      | Reached XP level 1. HP: 16/16 MP: 1/1
    58 | D:1      | Reached skill level 1 in Armour
    58 | D:1      | Reached XP level 2. HP: 23/23 MP: 2/2
   727 | D:2      | Reached skill level 3 in Fighting
   727 | D:2      | Reached XP level 3. HP: 24/29 MP: 3/3
   733 | D:2      | Found a faded altar of an unknown god.
   747 | D:2      | Became a worshipper of Kikubaaqudgha
   747 | D:2      | Reached * piety under Kikubaaqudgha
   747 | D:2      | Identified Kikubaaqudgha's Volume of Black Arts (Kikubaaqudgha gifted it to you on level 2 of the Dungeon)
   747 | D:2      | Received a gift from Kikubaaqudgha
   790 | D:2      | Noticed a scorpion
   797 | D:2      | Gained mutation: You evolve. [potion of mutation]
   797 | D:2      | Gained mutation: Your magical capacity is low. (-10% MP) [potion of mutation]
   797 | D:2      | Gained mutation: You are surrounded by a mild repulsion field. (EV +2) [potion of mutation]
   810 | D:2      | HP: 7/29 [poisoned by a scorpion]
   813 | D:2      | HP: 3/29 [scorpion (5)]
   816 | D:1      | HP: 1/29 [scorpion (1)]
   817 | D:1      | Succumbed to a scorpion's poison

Vault maps used:
D:1:      shiori_shiawase, kennysheep_nondescript
D:2:      chequers_ecumenical_altar_simple_redux, first_ration,
          minmay_heptomino_o4

Skill      XL: |  1  2 |
---------------+-------+-----
Armour         | 1 |  1.2
Fighting       | 3 |  3.1
Crossbows      | |  4.2
Dodging        | |  1.7
Stealth        | |  1.2

Action                   || total
-------------------------++-------
Melee: Mace              ||    13
 Fire: Hand crossbow     ||    55
  Use: Potion            ||     3
Armor: Leather armour    ||    16
Dodge: Dodged            ||    41

Table legend:
 A = Spawn XP
 B = Non-spawn XP
 C = Spawn XP percentage of total XP
 D = Spawn monster count
 E = Non-spawn monster count
 F = Spawn count percentage of total count
 G = Total turns spent on level
                    A         B        C        D         E        F      G
               +---------+---------+-------+---------+---------+-------+---------
         Total |       0 |      35 |   0.0 |       0 |      19 |   0.0 |   817
               +---------+---------+-------+---------+---------+-------+---------
           D:1 |       0 |      19 |   0.0 |       0 |      12 |   0.0 |   672
           D:2 |       0 |      16 |   0.0 |       0 |       7 |   0.0 |   145
               +---------+---------+-------+---------+---------+-------+---------

Vault maps used:
D:1:      shiori_shiawase, kennysheep_nondescript
D:2:      chequers_ecumenical_altar_simple_redux, first_ration,
          minmay_heptomino_o4

Table legend:
 A = Turns spent in this place as a percentage of turns spent in the entire game.
 B = Non-inter-level travel turns spent in this place as a percentage of non-inter-level travel turns spent in the entire game.
 C = Inter-level travel turns spent in this place as a percentage of turns spent in this place.
 D = Turns resting spent in this place as a percentage of non-inter-level travel turns spent in this place.
 E = Turns spent auto-exploring this place as a percentage of non-inter-level travel turns spent in this place.
 F = Non-inter-level travel turns spent in this place divided by the number of levels of this place that you've seen.
                   A       B       C       D       E      F
               +-------+-------+-------+-------+-------+----------------------
         Total | 100.0 | 100.0 |   2.6 |  20.9 |  57.8 | 398.0
       Dungeon | 100.0 | 100.0 |   2.6 |  20.9 |  57.8 | 398.0
               +-------+-------+-------+-------+-------+----------------------

Table legend:
 A = Kills in this place as a percentage of kills in entire the game.
 B = Kills by you in this place as a percentage of kills by you in the entire game.
 C = Kills by friends in this place as a percentage of kills by friends in the entire game.
 D = Other kills in this place as a percentage of other kills in the entire game.
 E = Experience gained in this place as a percentage of experience gained in the entire game.
 F = Experience gained in this place divided by the number of levels of this place that you have seen.
                   A       B       C       D       E      F
               +-------+-------+-------+-------+-------+----------------------
         Total | 100.0 | 100.0 |   N/A |   N/A | 100.0 |  17.5
       Dungeon | 100.0 | 100.0 |   N/A |   N/A | 100.0 |  17.5
               +-------+-------+-------+-------+-------+----------------------
